 Dungeon Crawl Stone Soup version 0.21.0 (webtiles) character file.

25585 edsrzf the Grappler (level 13, -3/119 HPs)
             Began as a Ghoul Summoner on Jan 21, 2018.
             Was the Champion of Cheibriados.
             Slain by a frost giant
             ... wielding a +2 battleaxe of freezing
              (4 damage)
             ... in an ice cave.
             The game lasted 00:33:40 (11459 turns).

edsrzf the Grappler (Ghoul Summoner)               Turns: 11459, Time: 00:33:40

Health: -3/119     AC: 20    Str: 29    XL:     13   Next: 20%
Magic:  20/20      EV: 12    Int: 28    God:    Cheibriados [******]
Gold:   623        SH:  0    Dex: 28    Spells: 15/18 levels left

rFire    . . .     SeeInvis .     - Unarmed
rCold    + + .     Gourm    .   (no shield)
rNeg     + + +     Faith    .   w - +2 chain mail {MR+}
rPois    ∞         Spirit   .   z - +2 helmet
rElec    .         Reflect  .   (no cloak)
rCorr    .         Harm     .   (no gloves)
MR       +....                  I - +0 pair of boots
Stlth    ..........             (no amulet)
HPRegen  0.00/turn              u - ring of protection from cold
MPRegen  0.17/turn              G - ring of Qataec {AC+4 Dex+4}

@: about to teleport, rotting, very slow
A: rotting body, claws 1, carnivore, cold resistance 1, negative energy
resistance 3, inhibited regeneration, torment resistance, unbreathing
a: Bend Time, Temporal Distortion, Slouch, Step From Time, Renounce Religion


You were in an ice cave.
You worshipped Cheibriados.
Cheibriados was exalted by your worship.
You were not hungry.

You visited 3 branches of the dungeon, and saw 14 of its levels.
You also visited: Sewer and Ice Cave.

You collected 623 gold pieces.

Inventory:

Missiles
 J - 79 poisoned needles
 P - 3 throwing nets {=f}
Armour
 r - a +0 pair of gloves
 w - a +2 chain mail of magic resistance (worn)
 z - a +2 helmet (worn)
 I - a +0 pair of boots (worn)
Jewellery
 u - a ring of protection from cold (left claw)
 B - an uncursed ring of protection from cold
 G - the ring of Qataec (right claw) {AC+4 Dex+4}
   (You found it on level 9 of the Dungeon)

   [ring of protection]

   It affects your AC (+4).
   It affects your dexterity (+4).
 N - a +4 ring of dexterity
Wands
 h - a wand of digging (24)
 v - a wand of iceblast (13)
 F - a wand of acid (9)
 S - a wand of disintegration (13)
Scrolls
 a - a scroll of enchant armour {unknown}
 e - 2 scrolls of immolation {unknown}
 f - 8 scrolls of teleportation {@r3}
 g - a scroll of silence {unknown}
 k - 3 scrolls of blinking {unknown}
 m - a scroll of random uselessness {unknown}
 n - 4 scrolls of amnesia {unknown}
 o - 6 scrolls of remove curse {unknown}
 q - 7 scrolls of enchant weapon {unknown}
 s - 2 scrolls of noise {unknown}
 x - 4 scrolls of fear {unknown}
 y - 2 scrolls of magic mapping
 C - a scroll of fog {unknown}
 H - a scroll of vulnerability {unknown}
 L - a scroll of acquirement {unknown}
Potions
 d - a potion of ambrosia
 i - 3 potions of magic
 j - 5 potions of might
 l - 6 potions of curing
 A - 6 potions of brilliance
 D - a potion of mutation {unknown}
 K - 2 potions of flight
 O - a potion of invisibility
Books
 b - a book of Callings
 t - a book of Geomancy
 E - a book of Flames
 M - a book of Conjurations
 T - a book of Transfigurations
Miscellaneous
 R - a lamp of fire
Comestibles
 c - 24 rations
 Q - 8 chunks of flesh


   Skills:
 + Level 12.7 Fighting
 - Level 5.0 Armour
 - Level 4.0 Dodging
 - Level 2.1 Stealth
 + Level 13.8 Unarmed Combat
 + Level 3.1 Spellcasting
 - Level 3.6 Summonings
 + Level 3.2 Earth Magic
 - Level 11.0 Invocations


You had 15 spell levels left.
You knew the following spells:

 Your Spells              Type           Power        Failure   Level  Hunger
a - Summon Small Mammal   Summ           ###.         10%         1    None
b - Passwall              Tmut/Erth      ##........   32%         2    #......


Dungeon Overview and Level Annotations

Branches:
Dungeon (10/15)            Temple (1/1) D:4            Lair (3/6) D:10
  Snake (0/4) Lair:2
  Swamp: Lair:2-4    Shoals: Lair:2-4       Orc: D:9-12

Altars:
Ashenzari
Cheibriados
Dithmenos
Elyvilon
Fedhas
Gozag
Hepliaklqana
Kikubaaqudgha
Makhleb
Nemelex Xobeh
Okawaru
Qazlal
Ru
Sif Muna
Trog
Uskayaw
Vehumet
Wu Jian
Yredelemnul
Zin
The Shining One

Shops:
D:10 [

Annotations:
D:4 Eustachio


Innate Abilities, Weirdness & Mutations

Your body is rotting away.
You thrive on raw meat.
You are immune to poison.
You have sharp fingernails.
You are carnivorous and can eat meat at any time.
Your flesh is cold resistant. (rC+)
You are immune to negative energy. (rN+++)
You do not regenerate when monsters are visible.
You are immune to unholy pain and torment.
You can survive without breathing.


Message History

You kill the polar bear!
Cheibriados appreciates the change of pace.
You enter the shallow water.
Moving in this stuff is going to be slow.
Some of the chunks of flesh in your inventory have rotted away.
Some of the chunks of flesh in your inventory have rotted away. 2 yaks, 2 death yaks, 5 polar bears and a frost giant come into view.
The frost giant is wielding a battleaxe of freezing.
The polar bear growls angrily.
The yak bellows!
The polar bear growls angrily. x2
The death yak bellows! x2; The polar bear growls angrily. x2; The yak bellows!
The frost giant shouts!
The polar bear moves out of view.
A polar bear comes into view.
Unknown command.
The polar bear misses you. x2
The polar bear claws you but does no damage.
You mangle the polar bear!!
The polar bear is moderately wounded.
The polar bear bites you but does no damage.
The polar bear claws you but does no damage. x2
You claw the polar bear!
The polar bear is severely wounded.
The polar bear closely misses you.
The polar bear claws you but does no damage.
The polar bear misses you.
You claw the polar bear! Your claw misses the polar bear.
The polar bear is almost dead.
You claw the polar bear!
You kill the polar bear!
Cheibriados appreciates the change of pace.
You mangle the death yak!!
You claw the death yak, but do no damage.
The death yak is moderately wounded.
The death yak gores you but does no damage.
You mangle the death yak!!
The death yak is heavily wounded.
The death yak gores you but does no damage.
You mangle the death yak!!
The death yak is almost dead.
The death yak gores you!
You claw the death yak!
You kill the death yak!
Cheibriados thoroughly appreciates the change of pace.
Your Spellcasting skill increases to level 3!
Your Earth Magic skill increases to level 3!
The death yak gores you! The death yak completely misses you.
The death yak gores you but does no damage.
You mangle the death yak!! Your claw misses the death yak.
The death yak is moderately wounded.
The death yak gores you but does no damage.
You mangle the death yak!!
The death yak is heavily wounded.
The death yak barely misses you.
You claw the death yak!
The death yak is severely wounded.
You scratch the death yak.
The death yak is severely wounded.
The death yak barely misses you.
You scratch the death yak. You claw the death yak!!
You kill the death yak!
Cheibriados thoroughly appreciates the change of pace.
Press: ? - help, v - describe, . - travel, g - get item
Here: a frost giant, wielding a battleaxe of freezing A death yak corpse.
The floor, spattered with blood.
Unknown command.
You claw the frost giant!
The frost giant is lightly wounded.
You barely miss the frost giant.
The frost giant is lightly wounded.
The frost giant hits you with a battleaxe of freezing!!
The frost giant freezes you.
You scratch the frost giant but do no damage.
The frost giant is lightly wounded.
You barely miss the frost giant.
The frost giant is lightly wounded.
The frost giant hits you with a battleaxe of freezing!!
Okay, then.
You mangle the frost giant!!
The frost giant is moderately wounded.
The frost giant hits you with a battleaxe of freezing!!
* * * LOW HITPOINT WARNING * * *
The frost giant freezes you.
* * * LOW HITPOINT WARNING * * *
You feel much better.
Okay, then.
Okay, then.
Evoke which item? (* to show all) (? for menu, Esc to quit)
Okay, then.
As you read the scroll of teleportation {@r3}, it crumbles to dust.
You feel strangely unstable.
The frost giant hits you with a battleaxe of freezing!
* * * LOW HITPOINT WARNING * * *
The frost giant freezes you.
* * * LOW HITPOINT WARNING * * *
The frost giant hits you with a battleaxe of freezing!!
* * * LOW HITPOINT WARNING * * *
The frost giant freezes you.
You die...

#≈#≈≈≈≈≈≈#
#.≈#≈#≈≈≈≈
##.##≈≈≈#≈
##
#..#≈≈≈≈≈
#.
##.##≈≈#≈
#.###.#
≈≈≈
##.#.##
#....#
#@#.##
##C###
#h## #h##
#h.# ##.#
##†# #.##
#.#


You could see a frost giant and 3 polar bears.

Vanquished Creatures
  Harold (Lair:2)
  Fannar (D:10)
  Erolcha (D:9)
  Erica (Lair:2)
  2 two-headed ogres (D:8)
  2 death yaks (IceCv)
  A centaur warrior (D:10)
  Urug (D:10)
  The ghost of smazza the Spear-Bearer, a novice MfSk (D:7)
  Pikel (D:8)
  A gargoyle (D:10)
  5 komodo dragons
  2 spiny frogs
  3 rime drakes
  2 trolls
  3 blink frogs (Lair:2)
  10 polar bears (IceCv)
  A hornet (D:9)
  2 hippogriffs
  A vampire (D:10)
  26 yaks
  A human (D:7)
  2 wyverns
  A basilisk (Lair:2)
  4 hogs (D:7)
  4 nagas (Lair:2)
  2 water moccasins (Lair:2)
  3 porcupines
  2 orc warriors
  A black bear (D:6)
  5 ice beasts
  2 sky beasts
  17 wolves
  The ghost of Narkly the Ruffian, an amateur DrTm (D:4)
  5 ogres
  A centaur (D:7)
  3 crocodiles
  11 bullfrogs
  A gnoll sergeant (D:9)
  2 scorpions
  2 killer bees (D:8)
  8 wights
  5 howler monkeys
  2 crimson imps
  2 centaur zombies
  3 hounds
  A bullfrog skeleton (D:8)
  A gnoll shaman (D:4)
  3 orc wizards (D:6)
  A centaur skeleton (D:10)
  4 iguanas
  3 orc priests
  5 worker ants
  15 adders
  21 gnolls
  A howler monkey skeleton (D:10)
  2 river rats (Sewer)
  An ooze (D:5)
  An adder zombie (D:6)
  2 worms
  5 dart slugs
  6 leopard geckos
  24 orcs
  15 ball pythons (Sewer)
  13 bats
  5 giant cockroaches
  9 goblins
  9 hobgoblins
  15 jackals
  5 quokkas
  6 frilled lizards
  A jackal skeleton (D:5)
  8 kobolds
  A leopard gecko skeleton (D:8)
  A quokka skeleton (D:9)
  A quokka zombie (D:6)
  31 rats
374 creatures vanquished.

Vanquished Creatures (others)
  3 slaves (D:8)
  A killer bee (D:8)
4 creatures vanquished.

Grand Total: 378 creatures vanquished

Notes
Turn   | Place    | Note
-------+----------+-------------------------------------------
     0 | D:1      | edsrzf the Ghoul Summoner began the quest for the Orb.
     0 | D:1      | Reached XP level 1. HP: 14/14 MP: 2/2
    57 | D:1      | Reached skill level 1 in Unarmed Combat
   102 | D:1      | Reached XP level 2. HP: 14/20 MP: 3/3
   146 | D:1      | Reached skill level 2 in Unarmed Combat
   328 | D:1      | Reached XP level 3. HP: 26/26 MP: 4/4
   490 | D:1      | Reached skill level 3 in Unarmed Combat
   936 | D:2      | Reached XP level 4. HP: 31/34 MP: 5/5
   973 | D:2      | Reached skill level 1 in Fighting
  1065 | D:2      | Reached skill level 4 in Unarmed Combat
  1191 | D:2      | Found a blossoming altar of Fedhas.
  1195 | D:2      | Found a stormy altar of Qazlal.
  1831 | D:3      | Reached XP level 5. HP: 34/41 MP: 6/6
  2096 | D:3      | Reached skill level 2 in Fighting
  2364 | D:3      | Reached skill level 5 in Unarmed Combat
  2498 | D:4      | Identified 2 scrolls of identify
  2498 | D:4      | Identified 2 potions of ambrosia
  2499 | D:4      | Identified a potion of lignification
  2500 | D:4      | Identified 2 scrolls of magic mapping
  2547 | D:4      | Found a staircase to the Ecumenical Temple.
  2556 | Temple   | Entered the Ecumenical Temple
  2721 | Temple   | Became a worshipper of Cheibriados the Contemplative
  2849 | D:4      | Found a shattered altar of Ashenzari.
  2882 | D:4      | Reached XP level 6. HP: 50/50 MP: 7/7
  2909 | D:4      | Reached skill level 3 in Fighting
  2941 | D:4      | Noticed Narkly's ghost (amateur DrTm)
  2955 | D:4      | Killed Narkly's ghost
  2955 | D:4      | Reached skill level 6 in Unarmed Combat
  3031 | D:4      | Reached XP level 7. HP: 56/57 MP: 8/8
  3162 | D:4      | Reached * piety under Cheibriados
  3181 | D:4      | Found a glowing silver altar of Zin.
  3181 | D:4      | Noticed an angel
  3181 | D:4      | Noticed Eustachio
  3198 | D:5      | Entered Level 5 of the Dungeon
  3203 | D:5      | Reached skill level 4 in Fighting
  3260 | D:5      | Found a glowing golden altar of the Shining One.
  3261 | D:5      | Found a deep blue altar of Sif Muna.
  3261 | D:5      | Found a hazy altar of Hepliaklqana.
  3263 | D:5      | Found an iron altar of Okawaru.
  3263 | D:5      | Found a sacrificial altar of Ru.
  3266 | D:5      | Found a burning altar of Makhleb.
  3267 | D:5      | Found an ancient bone altar of Kikubaaqudgha.
  3275 | D:5      | Reached skill level 7 in Unarmed Combat
  3373 | D:5      | Reached skill level 1 in Invocations
  3433 | D:5      | Found a glowing drain.
  3438 | Sewer    | Entered a sewer
  3560 | Sewer    | Reached skill level 2 in Invocations
  3563 | Sewer    | Reached ** piety under Cheibriados
  3688 | Sewer    | Reached XP level 8. HP: 65/67 MP: 9/9
  3806 | Sewer    | Reached *** piety under Cheibriados
  3811 | Sewer    | Reached skill level 5 in Fighting
  3811 | Sewer    | Reached skill level 1 in Armour
  3931 | D:5      | Identified 3 potions of magic
  3932 | D:5      | Identified 2 potions of might
  4206 | D:5      | Found a white marble altar of Elyvilon.
  4281 | D:6      | Reached skill level 8 in Unarmed Combat
  4281 | D:6      | Reached skill level 3 in Invocations
  4309 | D:6      | Identified 7 potions of curing
  4328 | D:6      | Identified 4 potions of heal wounds
  4331 | D:6      | Reached skill level 2 in Armour
  4488 | D:6      | Identified 2 potions of brilliance
  4607 | D:6      | Reached skill level 4 in Invocations
  4706 | D:6      | Reached XP level 9. HP: 74/75 MP: 11/11
  4711 | D:6      | Reached skill level 6 in Fighting
  4833 | D:6      | Reached skill level 3 in Armour
  4963 | D:6      | Identified a potion of invisibility
  5024 | D:6      | Found a basalt altar of Yredelemnul.
  5399 | D:6      | Identified 6 scrolls of teleportation
  5716 | D:7      | Reached skill level 9 in Unarmed Combat
  5716 | D:7      | Reached skill level 5 in Invocations
  5718 | D:7      | Noticed smazza's ghost (novice MfSk)
  5751 | D:7      | Killed smazza's ghost
  5751 | D:7      | Reached **** piety under Cheibriados
  5751 | D:7      | Reached skill level 7 in Fighting
  5751 | D:7      | Reached skill level 4 in Armour
  5866 | D:7      | Identified a potion of degeneration
  6228 | D:7      | Reached skill level 6 in Invocations
  6232 | D:7      | Reached XP level 10. HP: 66/85 MP: 13/13
  6340 | D:7      | Reached skill level 5 in Armour
  6407 | D:7      | Learned a level 2 spell: Passwall
  6448 | D:8      | Noticed a two-headed ogre
  6457 | D:8      | Killed a two-headed ogre
  6457 | D:8      | Reached skill level 8 in Fighting
  6457 | D:8      | Reached skill level 10 in Unarmed Combat
  6457 | D:8      | Reached skill level 7 in Invocations
  6628 | D:8      | Reached ***** piety under Cheibriados
  6654 | D:8      | Noticed Pikel
  6671 | D:8      | Killed Pikel
  6949 | D:8      | Noticed a two-headed ogre
  6957 | D:8      | Killed a two-headed ogre
  6957 | D:8      | Reached skill level 9 in Fighting
  6957 | D:8      | Reached skill level 8 in Invocations
  7521 | D:9      | Noticed Erolcha
  7527 | D:9      | Killed Erolcha
  7527 | D:9      | Reached skill level 11 in Unarmed Combat
  7527 | D:9      | Reached XP level 11. HP: 59/96 MP: 16/16
  7540 | D:9      | Got a faintly glowing glass ring
  7542 | D:9      | Identified the ring of Qataec {AC+4 Dex+4} (You found it on level 9 of the Dungeon)
  7618 | D:9      | Reached skill level 9 in Invocations
  8255 | D:10     | Entered Level 10 of the Dungeon
  8255 | D:10     | Noticed Fannar
  8267 | D:10     | Killed Fannar
  8267 | D:10     | Reached skill level 10 in Fighting
  8275 | D:10     | Found Xakaur's Antique Armour Shoppe.
  8487 | D:10     | Noticed a centaur warrior
  8522 | D:10     | Killed a centaur warrior
  8567 | D:10     | Reached skill level 12 in Unarmed Combat
  8639 | D:10     | Noticed Urug
  8659 | D:10     | Killed Urug
  8659 | D:10     | Reached skill level 10 in Invocations
  8725 | D:10     | Found a staircase to the Lair.
  9008 | Lair:1   | Entered Level 1 of the Lair of Beasts
  9011 | Lair:1   | Found the +5 demon whip "Spellbinder" {antimagic, MR+}
  9162 | Lair:1   | Reached ****** piety under Cheibriados
  9340 | Lair:1   | Reached skill level 11 in Fighting
  9344 | Lair:1   | Reached XP level 12. HP: 89/109 MP: 18/18
  9378 | Lair:1   | Identified a potion of berserk rage
  9887 | Lair:2   | HP: 3/110 [yak (12)]
  9982 | Lair:2   | Identified a potion of flight
 10205 | Lair:2   | Found a staircase to the Snake Pit.
 10372 | Lair:2   | Reached skill level 11 in Invocations
 10385 | Lair:2   | Reached skill level 2 in Dodging
 10418 | Lair:2   | Noticed Harold
 10432 | Lair:2   | Killed Harold
 10432 | Lair:2   | Reached skill level 13 in Unarmed Combat
 10615 | Lair:2   | Noticed Erica
 10623 | Lair:2   | Killed Erica
 11017 | Lair:3   | Reached skill level 3 in Dodging
 11023 | Lair:3   | Reached skill level 12 in Fighting
 11063 | Lair:3   | Found a frozen archway.
 11069 | IceCv    | Entered an ice cave
 11173 | IceCv    | Reached skill level 4 in Dodging
 11249 | IceCv    | Reached skill level 2 in Spellcasting
 11255 | IceCv    | Reached skill level 1 in Earth Magic
 11297 | IceCv    | Reached XP level 13. HP: 105/119 MP: 20/20
 11344 | IceCv    | Reached skill level 2 in Earth Magic
 11432 | IceCv    | Noticed a frost giant
 11442 | IceCv    | Reached skill level 3 in Spellcasting
 11442 | IceCv    | Reached skill level 3 in Earth Magic
 11459 | IceCv    | HP: 1/119 [frost giant/battleaxe of freezing (27)]
 11459 | IceCv    | Slain by a frost giant

Skill      XL: |  1  2  3  4  5  6  7  8  9 10 11 12 13 |
---------------+----------------------------------------+-----
Unarmed Combat | 1 2 3 4 5 6 7 8 9 11 12 13 | 13.8
Fighting       | 1 2 3 4 5 7 9 11 12 | 12.7
Invocations    | 2 4 6 8 10 11 | 11.0
Armour         | 2 4 5 |  5.0
Dodging        | 4 |  4.0
Spellcasting   | 2 3 |  3.1
Earth Magic    | 1 3 |  3.2
Stealth        | |  2.1
Summonings     | |  3.6

Action                   |  1- 3 |  4- 6 |  7- 9 | 10-12 | 13-15 || total
-------------------------+-------+-------+-------+-------+-------++-------
Melee: Unarmed           |   149 |   325 |   371 |   554 |    60 ||  1459
       Punch             |     2 |     5 |    18 |    48 |     4 ||    77
Invok: Slouch            |       |       |       |     1 |       ||     1
Evoke: Wand              |       |       |       |     3 |       ||     3
  Use: Scroll            |       |     3 |     7 |     3 |     1 ||    14
       Potion            |       |       |     8 |     4 |     1 ||    13
 Stab: Sleeping          |     3 |       |       |       |       ||     3
       Invisible         |       |       |       |     4 |       ||     4
       Distracted        |       |       |       |     1 |       ||     1
  Eat: Chunk             |    15 |    32 |    38 |    60 |     6 ||   151
Armor: Robe              |    20 |       |       |       |       ||    20
       Ring mail         |    19 |   103 |    42 |       |       ||   164
       Chain mail        |       |       |   180 |   244 |    29 ||   453
Dodge: Dodged            |    84 |   163 |   182 |   233 |    42 ||   704
